 Dungeon Crawl Stone Soup version 0.31.0 (webtiles) character file.

Game seed: 1802936918269981493

234429 BubbleThief the Warrior (level 19, 0/186 HPs)
             Began as a Naga Alchemist on Jan 19, 2024.
             Was the Champion of Vehumet.
             Killed from afar by a fire giant (35 damage)
             ... with a bolt of fire
             ... on level 1 of the Vaults on Jan 20, 2024.
             The game lasted 01:45:04 (40177 turns).

BubbleThief the Warrior (Naga Alchemist)           Turns: 40177, Time: 01:45:04

Health: 0/186      AC: 19    Str: 13    XL:     19   Next: 14%
Magic:  19/35      EV:  8    Int: 21    God:    Vehumet [******]
Gold:   896        SH: 14    Dex: 14    Spells: 11/42 levels left

rFire   . . .        G - +10 long sword "Hiteomyuch" {venom, rPois rF- Will+++ rCorr Str+2}
rCold   + . .        T - +1 kite shield {rN+}
rNeg    + + .        k - +3 leather armour {rF+}
rPois   +            L - +0 helmet
rElec   .            a - +0 cloak
rCorr   +            s - +0 pair of gloves
SInv    +            (no barding)
Will    +++++        S - amulet of the Four Winds {rN+ Will+++ Clar}
Stlth   ++           O - +4 ring of protection
HPRegen 0.51/turn    w - ring of protection from cold
MPRegen 0.24/turn

%: clarity
@: very slow
A: AC +6, large, see invisible, deformed body, poison resistance, slowness 2,
spit poison 1, naga tail 2
}: 2/15 runes: serpentine, barnacled
a: Spit Poison, Renounce Religion


You were on level 1 of the Vaults.
You worshipped Vehumet.
Vehumet was exalted by your worship.
You visited 6 branches of the dungeon, and saw 31 of its levels.

You collected 3064 gold pieces.
You spent 2168 gold pieces at shops.

Inventory:

Hand Weapons
 G - the +10 long sword "Hiteomyuch" (weapon) {venom, rPois rF- Will+++ rCorr Str+2}
   (You found it on level 9 of the Dungeon)

   Str+2:     It affects your strength (+2).
   rF-:       It makes you vulnerable to fire.
   rPois:     It protects you from poison Will+++: It greatly increases your
   willpower.
   rCorr:     It protects you from acid and corrosion.
Missiles
 g - 3 throwing nets (quivered)
Armour
 a - a +0 cloak (worn)
 k - a +3 leather armour of fire resistance (worn)
 n - a +2 robe of fire resistance
 s - a +0 pair of gloves (worn)
 F - +0 pearl dragon scales
 L - a +0 helmet (worn)
 T - a +1 kite shield of positive energy (worn)
Magical Staves
 v - a staff of cold
Jewellery
 c - the amulet of Ziafo {Acrobat *Corrode rC+ Int+3 Dex+3 Slay+3}
   (You acquired it on level 5 of the Dungeon)

   [amulet of the acrobat]

   Acrobat:   It increases your evasion while moving and waiting.
   Int+3:     It affects your intelligence (+3).
   Dex+3:     It affects your dexterity (+3).
   Slay+3:    It affects your accuracy & damage with ranged weapons and melee
   (+3).
   rC+:       It protects you from cold.
   *Corrode:  It may corrode you when you take damage.
 m - a ring of positive energy
 w - a ring of protection from cold (right hand)
 D - a ring of protection from fire
 I - a ring of flight
 O - a +4 ring of protection (left hand)
 S - the amulet of the Four Winds (around neck) {rN+ Will+++ Clar}
   (You bought it in a shop on level 1 of the Orcish Mines)

   [amulet of nothing]

   rN+:       It protects you from negative energy.
   Will+++:   It greatly increases your willpower.
   Clar:      It protects you from confusion, rage, mesmerisation and fear.
Wands
 f - a wand of roots (27)
 P - a wand of digging (18)
 R - a wand of acid (10)
Scrolls
 h - 9 scrolls of identify
 o - 3 scrolls of silence
 p - 4 scrolls of enchant armour
 q - 8 scrolls of enchant weapon
 r - 2 scrolls of immolation
 u - 9 scrolls of fear
 y - a scroll of revelation
 A - 9 scrolls of teleportation
 C - 3 scrolls of blinking
 H - 7 scrolls of poison
 K - 6 scrolls of vulnerability
 Q - 3 scrolls of amnesia
 U - a scroll of brand weapon
 X - a scroll of summoning
Potions
 b - 4 potions of magic
 d - 5 potions of brilliance
 e - 6 potions of attraction
 i - 2 potions of resistance
 j - 2 potions of heal wounds
 l - 17 potions of curing
 t - 4 potions of cancellation
 x - 6 potions of haste
 z - 4 potions of enlightenment
 B - 5 potions of might
 J - 2 potions of lignification
 M - 3 potions of invisibility
 N - 4 potions of mutation
Miscellaneous
 E - a lightning rod (4/4)
 W - a phantom mirror
 Y - a condenser vane (inert)


   Skills:
 - Level 15.1 Fighting
 - Level 14.0 Long Blades
 - Level 6.2 Armour
 - Level 1.5 Dodging
 - Level 3.0 Stealth
 - Level 15.0 Shields
 - Level 12.0 Spellcasting
 + Level 10.9 Conjurations
 + Level 10.8 Fire Magic
 - Level 12.0 Alchemy


You had 11 spell levels left.
You knew the following spells:

 Your Spells              Type           Power      Damage    Failure   Level
a - Fireball              Conj/Fire      27%        3d12      1%          5
b - Mephitic Cloud        Conj/Alch/Air  44%        N/A       1%          3
c - Olgreb's Toxic Radia  Alch           58%        N/A       1%          4
d - Sticky Flame          Fire/Alch      57%        2d10      1%          4
e - Irradiate             Conj/Alch      28%        3d21      1%          5
f - Ignite Poison         Fire/Alch      57%        N/A       1%          4
g - Eringya's Noxious Bo  Alch           29%        4d6       4%          6

Your spell library contained the following spells:

 Spells                   Type           Power      Damage    Failure   Level
 Starburst                Conj/Fire      27%        6d9       6%          6
 Sting                    Conj/Alch      100%       1d9       1%          1
 Mercury Vapours          Alch/Air       74%        N/A       1%          2
 Dazzling Flash           Conj/Hex       70%        N/A       1%          3
 Inner Flame              Hex/Fire       35%        N/A       1%          3
 Stone Arrow              Conj/Erth      70%        3d11      1%          3
 Volatile Blastmotes      Fire/Tloc      70%        2d15      1%          3
 Flame Wave               Conj/Fire      55%        2d13      1%          4
 Fulminant Prism          Conj/Alch      28%        3d14      1%          4
 Iskenderun's Battlesphe  Conj           55%        2d11      1%          5
 Alistair's Intoxication  Alch           38%        N/A       2%          5
 Sandblast                Erth           24%        2d8       3%          1
 Cigotuvi's Dreadful Rot  Necr/Alch/Air  58%        N/A       3%          2
 Brom's Barrelling Bould  Conj/Erth      35%        2d5       3%          4
 Iskenderun's Mystic Bla  Conj/Tloc      35%        2d8       3%          4
 Leda's Liquefaction      Alch/Erth      18%        N/A       11%         4
 Petrify                  Alch/Erth      37%        N/A       11%         4
 Arcjolt                  Conj/Air       17%        1d27      11%         5
 Apportation              Tloc           24%        N/A       12%         1
 Blink                    Tloc           24%        N/A       19%         2
 Jinxbite                 Hex            24%        N/A       19%         2
 Lesser Beckoning         Tloc           24%        N/A       19%         2
 Sublimation of Blood     Necr           12%        N/A       19%         2
 Freezing Cloud           Conj/Ice/Air   13%        6-21      21%         5
 Orb of Destruction       Conj           27%        9d9       30%         7
 Fugue of the Fallen      Necr           12%        N/A       36%         3
 Gell's Gravitas          Tloc           12%        N/A       36%         3
 Passwall                 Erth           12%        N/A       36%         3
 Teleport Other           Tloc           12%        N/A       36%         3
 Tukima's Dance           Hex            12%        N/A       36%         3
 Bombard                  Conj/Erth      17%        9d4       45%         6
 Conjure Ball Lightning   Conj/Air       17%        3x3d6     45%         6
 Lee's Rapid Deconstruct  Erth           6%         3d6*      61%         5
 Dispel Undead            Necr           12%        3d9       77%         4
 Martyr's Knell           Necr/Summ      12%        N/A       77%         4
 Passage of Golubria      Tloc           12%        N/A       77%         4
 Vhi's Electric Charge    Tloc/Air       24%        N/A       77%         4
 Silence                  Hex/Air        6%         N/A       98%         5
 Death Channel            Necr           6%         N/A       100%        6
 Dispersal                Tloc           6%         N/A       100%        6
 Ozocubu's Refrigeration  Ice            6%         4d8       100%        7
 Discord                  Hex            6%         N/A       100%        8
 Lehudib's Crystal Spear  Conj/Erth      17%        10d5      100%        8
 Maxwell's Capacitive Co  Air            6%         ∞         100%        8


Dungeon Overview and Level Annotations

Branches:
Dungeon (15/15)            Temple (0/1) D:5            Lair (5/5) D:10
 Shoals (4/4) Lair:3        Snake (4/4) Lair:3        Slime (0/5) Lair:4
    Orc (2/2) D:9             Elf (0/3) Orc:2        Vaults (1/5) D:14
 Depths (0/4) D:15

Altars:
Cheibriados
Elyvilon
Fedhas
Gozag
Hepliaklqana
Makhleb
Okawaru
Ru
Sif Muna
Trog
Uskayaw
Vehumet
Wu Jian
Zin
The Shining One
Jiyva

Shops:
D:3 (   D:6 :   D:11 :   D:15 !   Orc:1 =   Orc:2 ?**[   Snake:1 :
Snake:4 :=:


Innate Abilities, Weirdness & Mutations

Your serpentine skin is tough. (AC +6)
You have supernaturally acute eyesight. (SInv)
Armour fits poorly on your strangely shaped body.
Your system is resistant to poisons. (rPois)
You cover ground very slowly.
You can spit poison.
You can use your snake-like lower body to constrict enemies.


Message History

Unknown command.
Unknown command.
You hit the fire giant.
The fire giant is moderately wounded.
The fire giant looks even sicker.
You feel sick.
The fire giant hits you with a +0 great sword of flaming!
The fire giant burns you.
Unknown command.
Unknown command.
You slash the fire giant!
The fire giant looks as sick as possible!
The fire giant is heavily wounded.
You feel sick.
Unknown command.
Unknown command.
Casting: Olgreb's Toxic Radiance (safe; 1% risk of failure)
Confirm with . or Enter, or press ? or * to list all spells.
You ignite the poison in your surroundings!
The fire giant seems to burn from within!
The fire giant is severely wounded.
The fire giant is poisoned.
Your toxic aura wanes.
You feel sick.
You are no longer poisoned.
The fire giant hits you with a +0 great sword of flaming!
The fire giant burns you.
Unknown command.
You slash the fire giant!
The fire giant is almost dead.
The fire giant casts a spell at you.
The fireball explodes!
The fireball engulfs you!!!
* * * LOW HITPOINT WARNING * * *
The fireball engulfs the fire giant.
The fire giant resists.
You hear a shout! x3
Okay, then.
You feel much better.
You have got your breath back.
The fire giant casts a spell at you. The bolt of fire hits you!!
You die...

.. #.# :. ..# [###.#
#...[# #....# .#.#....#
.....?..#
#################C#######
................@........
.........................
#########################


You could see a fire giant (poisoned).

Vanquished Creatures
  Jorgrun (Shoals:2)
  A kraken (Shoals:2)
  Polyphemus (Shoals:2)
  9 nagarajas
  Aizul (Snake:2)
  A frost giant (D:15)
  The ghost of brilapsti the Thanatomancer, an adept FeSu of Jiyva (Snake:2)
  An ironbound preserver (Vaults:1)
  An angel (Shoals:4)
  2 formless jellyfish
  2 apis
  An ironbound thunderhulk (Vaults:1)
  11 merfolk impalers
  7 merfolk javelineers (Shoals:4)
  A yaktaur captain (Vaults:1)
  An ironbound frostheart (Vaults:1)
  An ogre mage (D:14)
  6 hydras
  4 vault guards
  10 merfolk aquamancers
  3 merfolk avatars
  A catoblepas (Shoals:2)
  6 centaur warriors
  6 anacondas
  6 boulder beetles
  6 two-headed ogres
  An alligator snapping turtle (Shoals:4)
  A death knight (D:15)
  5 tengu warriors
  5 death yaks
  9 naga warriors
  A satyr (Shoals:4)
  4 shock serpents
  2 occultists (D:15)
  4 orc high priests (Orc:2)
  Amaemon (Lair:1)
  6 naga sharpshooters
  8 skysharks
  5 skeletal warriors (D:14)
  A goliath frog (Lair:5)
  21 sea snakes
  4 cherubim (Shoals:4)
  5 arcanists
  5 deep trolls (Vaults:1)
  4 ironbound convokers (Vaults:1)
  7 mana vipers
  A naga ritualist (Snake:2)
  An orc sorcerer (Orc:1)
  3 lindwurms (Vaults:1)
  9 orc knights
  12 harpies
  2 oklob plants
  A necromancer (D:14)
  7 ugly things
  12 fauns
  Maurice (D:12)
  4 salamanders
  8 cyclopes
  2 kobold blastminers (Orc:1)
  17 manticores
  24 black mambas
  3 merfolk sirens
  15 cane toads
  10 water nymphs
  An orange demon (Lair:1)
  7 guardian serpents (Snake:4)
  19 naga magi
  Maggie (D:7)
  4 unseen horrors
  11 komodo dragons
  4 yaktaurs (Vaults:1)
  2 rime drakes
  An efreet (D:14)
  3 tengu conjurers
  A tyrant leech (Lair:5)
  23 merfolk
  8 wind drakes
  2 polar bears
  A hornet (Lair:2)
  5 trolls
  6 dream sheep
  5 snapping turtles
  10 blink frogs (Lair:5)
  18 slime creatures
  Sigmund (D:5)
  13 water elementals
  3 wraiths
  76 yaks
  6 basilisks
  4 wyverns
  4 steam dragons
  A fire elemental (D:14)
  14 wargs
  18 humans (D:14)
  15 vampire mosquitoes
  31 nagas
  16 water moccasins
  Duvessa (D:5)
  2 black bears
  An ice beast (D:6)
  30 orc warriors
  2 laughing skulls (D:14)
  4 ogres
  19 wolves
  16 centaurs
  A phantom (D:6)
  2 kobold brigands
  18 bullfrogs
  A gnoll sergeant (D:9)
  2 scorpions
  13 wights
  Dowan (D:5)
  5 howler monkeys
  2 electric eels (Lair:5)
  2 bombardier beetles
  6 jellies
  21 orc priests
  2 hounds
  5 sleepcaps
  A gnoll bouda (D:6)
  Ijyb (D:5)
  2 iguanas (D:5)
  15 orc wizards
  11 gnolls
  16 adders
  A shadow imp (D:5)
  2 white imps
  2 ufetubi (D:6)
  2 ribbon worms (D:2)
  5 dart slugs
  94 orcs
  6 endoplasms
  2 giant cockroaches
  6 goblins
  5 hobgoblins
  2 jackals (D:4)
  15 kobolds
  3 quokkas
  5 ball pythons
  5 bats
  4 frilled lizards
  2 rats
1019 creatures vanquished.

Vanquished Creatures (collateral kills)
  A dart slug (D:10)
1 creature vanquished.

Vanquished Creatures (others)
  A merfolk aquamancer (Shoals:3)
  A water elemental (Shoals:3)
  An orc wizard (D:4)
  4 tentacles (Shoals:2)
7 creatures vanquished.

Grand Total: 1027 creatures vanquished

Notes
Turn   | Place    | Note
-------+----------+-------------------------------------------
     0 | D:1      | BubbleThief the Naga Alchemist began the quest for the Orb.
     0 | D:1      | Reached XP level 1. HP: 15/15 MP: 3/3
   223 | D:1      | Reached XP level 2. HP: 15/22 MP: 0/5
   898 | D:1      | Reached XP level 3. HP: 23/28 MP: 2/6
  1019 | D:1      | Learned a level 3 spell: Mephitic Cloud
  1258 | D:2      | Reached skill level 5 in Alchemy
  1290 | D:2      | Reached XP level 4. HP: 31/36 MP: 3/8
  1373 | D:2      | Learned a level 4 spell: Olgreb's Toxic Radiance
  1553 | D:2      | Reached XP level 5. HP: 38/42 MP: 4/9
  2176 | D:3      | Found an ornate altar of the Wu Jian Council.
  2642 | D:3      | Found a faded altar of an unknown god.
  2653 | D:3      | Found Builoate's Antique Weapon Emporium.
  2719 | D:3      | Found a radiant altar of Vehumet.
  2719 | D:3      | Found a sacrificial altar of Ru.
  3001 | D:3      | Became a worshipper of Vehumet
  3294 | D:4      | Reached XP level 6. HP: 49/49 MP: 6/11
  3350 | D:4      | Learned a level 4 spell: Sticky Flame
  3720 | D:4      | Reached * piety under Vehumet
  3720 | D:4      | Offered knowledge of Shock by Vehumet.
  3876 | D:4      | Reached XP level 7. HP: 55/55 MP: 13/13
  4468 | D:5      | Entered Level 5 of the Dungeon
  4606 | D:5      | Reached skill level 1 in Fire Magic
  4856 | D:5      | Found a staircase to the Ecumenical Temple.
  4934 | D:5      | Reached XP level 8. HP: 62/62 MP: 10/15
  4952 | D:5      | Reached skill level 5 in Spellcasting
  5073 | D:5      | Reached ** piety under Vehumet
  5073 | D:5      | Offered knowledge of Sandblast by Vehumet.
  5305 | D:5      | Noticed Sigmund
  5314 | D:5      | Killed Sigmund
  5455 | D:5      | Found a bloodstained altar of Trog.
  5474 | D:5      | Noticed Duvessa
  5474 | D:5      | Noticed Dowan
  5475 | D:5      | Found a shimmering blue altar of Sif Muna.
  5485 | D:5      | Killed Duvessa
  5486 | D:5      | Killed Dowan
  5490 | D:5      | Got Sif Muna's Compendium of Wanderlust
  5593 | D:5      | Noticed Ijyb
  5598 | D:5      | Killed Ijyb
  5733 | D:5      | Identified a scroll of acquirement
  5733 | D:5      | Acquired the amulet of Ziafo {Acrobat *Corrode rC+ Int+3
                  | Dex+3 Slay+3}
  5788 | D:6      | Reached skill level 5 in Fire Magic
  5793 | D:6      | Reached XP level 9. HP: 52/68 MP: 7/18
  5968 | D:6      | Found a hazy altar of Hepliaklqana.
  6053 | D:6      | Reached skill level 1 in Fighting
  6160 | D:6      | Offered knowledge of Hailstorm by Vehumet.
  6287 | D:6      | Found Wumawotu's Book Shop.
  6299 | D:6      | Bought a book of Transmutation for 308 gold pieces
  6305 | D:6      | Learned a level 5 spell: Irradiate
  6314 | D:6      | Reached skill level 1 in Shields
  6897 | D:7      | Found a hide-covered altar of Uskayaw.
  6966 | D:7      | Reached *** piety under Vehumet
  7070 | D:7      | Found an opulent altar of Gozag.
  7090 | D:7      | Noticed Maggie
  7109 | D:7      | Killed Maggie
  7110 | D:7      | Found a blossoming altar of Fedhas.
  7634 | D:8      | Found an iron altar of Okawaru.
  7912 | D:8      | Reached XP level 10. HP: 73/85 MP: 13/20
  7913 | D:8      | Offered knowledge of Ignite Poison by Vehumet.
  8464 | D:8      | Found a burning altar of Makhleb.
  8703 | D:9      | Reached skill level 5 in Fighting
  8930 | D:9      | Reached skill level 5 in Shields
  8998 | D:9      | Reached **** piety under Vehumet
  9001 | D:9      | Reached skill level 5 in Conjurations
  9141 | D:9      | Offered knowledge of Flame Wave by Vehumet.
  9179 | D:9      | Reached XP level 11. HP: 81/99 MP: 8/22
  9207 | D:9      | Learned a level 4 spell: Flame Wave
  9440 | D:9      | Found a staircase to the Orcish Mines.
  9588 | D:9      | Identified the +10 long sword "Hiteomyuch" {venom, rPois
                  | rF- Will+++ rCorr Str+2}
  9892 | D:10     | Entered Level 10 of the Dungeon
  9967 | D:10     | Noticed a cyclops
  9976 | D:10     | Killed a cyclops
 10228 | D:10     | Noticed an oklob plant
 10231 | D:10     | Found a staircase to the Lair.
 10238 | D:10     | Killed an oklob plant
 10239 | D:10     | Reached skill level 1 in Long Blades
 10246 | Lair:1   | Entered Level 1 of the Lair of Beasts
 10437 | Lair:1   | Reached ***** piety under Vehumet
 10484 | Lair:1   | Noticed Amaemon
 10494 | Lair:1   | Killed Amaemon
 10574 | Lair:1   | Offered knowledge of Eringya's Noxious Bog by Vehumet.
 10822 | Lair:1   | Learned a level 6 spell: Eringya's Noxious Bog
 11199 | Lair:2   | Noticed a four-headed hydra
 11212 | Lair:2   | Killed a four-headed hydra
 11213 | Lair:2   | Reached XP level 12. HP: 93/110 MP: 3/24
 11378 | Lair:2   | Noticed a boulder beetle
 11386 | Lair:2   | Killed a boulder beetle
 11387 | Lair:2   | Reached skill level 10 in Alchemy
 12046 | Lair:2   | Got the Book of the Conjured Welkin
 12236 | Lair:2   | Reached skill level 10 in Spellcasting
 12323 | Lair:2   | Found the +8 whip "Snakebite" {venom, curare, rPois}
 12548 | Lair:3   | Found a staircase to the Snake Pit.
 12777 | Lair:3   | Noticed a six-headed hydra
 12785 | Lair:3   | Killed a six-headed hydra
 13203 | Lair:3   | Found a staircase to the Shoals.
 13808 | Lair:4   | Noticed a skyshark
 13817 | Lair:4   | Killed a skyshark
 13960 | Lair:4   | Gained mutation: You can use your snake-like lower body to
                  | constrict enemies. [Naga growth]
 13960 | Lair:4   | Reached XP level 13. HP: 100/118 MP: 16/27
 14240 | Lair:4   | Found a viscous altar of Jiyva.
 14240 | Lair:4   | Found a staircase to the Slime Pits.
 14588 | Lair:5   | Entered Level 5 of the Lair of Beasts
 14771 | Lair:5   | Reached skill level 5 in Long Blades
 15638 | Lair:5   | Offered knowledge of Plasma Beam by Vehumet.
 15862 | Lair:5   | Reached skill level 10 in Fighting
 16062 | Lair:5   | Reached XP level 14. HP: 115/132 MP: 23/29
 16066 | Lair:5   | Identified the +4 storm dragon scales of Free Expression
                  | {rElec SInv}
 16511 | D:10     | Found a snail-covered altar of Cheibriados.
 17524 | D:11     | Found Jipt's Tremendous Tomes.
 17652 | D:12     | Noticed Maurice
 17670 | D:12     | Killed Maurice
 17891 | D:12     | Identified the +0 ring mail "Ucekiw" {^Contam Rampage
                  | rElec}
 18326 | D:13     | Found a radiant altar of Vehumet.
 19290 | D:14     | Offered knowledge of Orb of Destruction by Vehumet.
 19463 | D:14     | Reached skill level 10 in Shields
 19463 | D:14     | Reached XP level 15. HP: 106/144 MP: 31/31
 20129 | D:14     | Reached skill level 10 in Long Blades
 20187 | D:14     | Found a gate to the Vaults.
 20206 | D:14     | Identified the +3 plate armour of a Billion Dreams {Str-2
                  | Dex+7}
 20435 | D:15     | Entered Level 15 of the Dungeon
 20677 | D:15     | Found Pevaafry's Distillery.
 20744 | D:15     | Bought a potion of mutation for 88 gold pieces
 20744 | D:15     | Bought a potion of curing for 33 gold pieces
 20744 | D:15     | Bought a potion of enlightenment for 55 gold pieces
 20744 | D:15     | Bought a potion of haste for 110 gold pieces
 20744 | D:15     | Bought a potion of curing for 33 gold pieces
 20744 | D:15     | Bought a potion of enlightenment for 55 gold pieces
 21175 | D:15     | Offered knowledge of Fireball by Vehumet.
 21182 | D:15     | Learned a level 5 spell: Fireball
 21340 | D:15     | Found a staircase to the Depths.
 21341 | D:15     | Noticed a frost giant
 21346 | D:15     | Killed a frost giant
 21885 | Orc:1    | Entered Level 1 of the Orcish Mines
 22303 | Orc:1    | Found Doighac's Jewellery Boutique.
 22305 | Orc:1    | Bought the amulet of the Four Winds {rN+ Will+++ Clar} for
                  | 667 gold pieces
 22305 | Orc:1    | Found the amulet of the Four Winds {rN+ Will+++ Clar}
 22473 | Orc:2    | Entered Level 2 of the Orcish Mines
 22500 | Orc:2    | Found Veaneew's General Store.
 23168 | Orc:2    | Reached XP level 16. HP: 157/157 MP: 17/32
 23198 | Orc:2    | Offered knowledge of Conjure Ball Lightning by Vehumet.
 23237 | Orc:2    | Found Tysaxid's Assorted Antiques.
 23238 | Orc:2    | Found Gizxuzic's Antique Armour Shop.
 23310 | Orc:2    | Bought a potion of might for 92 gold pieces
 23310 | Orc:2    | Bought a yellow potion for 20 gold pieces
 23335 | Orc:2    | Found a staircase to the Elven Halls.
 23668 | Orc:2    | Found Jeoset's Magic Scroll Boutique.
 23674 | Orc:2    | Bought a scroll of enchant weapon for 105 gold pieces
 23674 | Orc:2    | Bought a scroll of enchant armour for 105 gold pieces
 23674 | Orc:2    | Bought a scroll of enchant weapon for 105 gold pieces
 24180 | Snake:1  | Entered Level 1 of the Snake Pit
 24296 | Snake:1  | Found Zogavviato's Self-Published Books.
 25909 | Snake:2  | Identified the serpent talisman of Instinct {Will+}
 25909 | Snake:2  | Noticed Aizul
 25922 | Snake:2  | Killed Aizul
 26477 | Snake:2  | Found a runed translucent door.
 26483 | Snake:2  | Noticed brilapsti's ghost (adept FeSu)
 27010 | Snake:2  | Killed brilapsti's ghost
 27726 | Snake:3  | Noticed a nagaraja
 27740 | Snake:3  | Killed a nagaraja
 28337 | Snake:4  | Entered Level 4 of the Snake Pit
 28980 | Snake:4  | Offered knowledge of Iskenderun's Battlesphere by Vehumet.
 29313 | Snake:4  | Noticed a nagaraja
 29330 | Snake:4  | Killed a nagaraja
 29361 | Snake:4  | Noticed a nagaraja
 29369 | Snake:4  | Killed a nagaraja
 29762 | Snake:4  | Noticed a nagaraja
 29780 | Snake:4  | Killed a nagaraja
 29781 | Snake:4  | Reached XP level 17. HP: 111/168 MP: 22/33
 29795 | Snake:4  | Reached skill level 15 in Fighting
 31161 | Snake:4  | Found Qiakuino's Book Emporium.
 31198 | Snake:4  | Found Eval's Book Emporium.
 31199 | Snake:4  | Found Atweol's Jewellery Shop.
 31210 | Snake:4  | Bought a Trismegistus Codex for 392 gold pieces
 31218 | Snake:4  | Learned a level 4 spell: Ignite Poison
 31831 | Snake:4  | Got a serpentine rune of Zot
 32008 | Shoals:1 | Entered Level 1 of the Shoals
 32018 | Shoals:1 | Offered knowledge of Starburst by Vehumet.
 32047 | Shoals:1 | Reached skill level 1 in Armour
 33518 | Shoals:2 | Noticed Polyphemus
 33530 | Shoals:2 | Killed Polyphemus
 34199 | Shoals:2 | Noticed a kraken
 34207 | Shoals:2 | Killed a kraken
 34208 | Shoals:2 | Reached XP level 18. HP: 108/178 MP: 25/34
 34387 | Shoals:2 | Noticed Jorgrun
 34392 | Shoals:2 | Killed Jorgrun
 35550 | Shoals:4 | Entered Level 4 of the Shoals
 36377 | Shoals:4 | Found a white marble altar of Elyvilon.
 37610 | Shoals:4 | Reached skill level 5 in Armour
 37866 | Shoals:4 | Identified the +7 sling "Hiecaaqi" {drain, rElec Stlth+}
 38123 | Shoals:4 | Got the Codex of Spectral Bad Luck
 38588 | Shoals:4 | Reached skill level 10 in Conjurations
 38624 | Shoals:4 | Reached skill level 15 in Shields
 38929 | Shoals:4 | Reached skill level 10 in Fire Magic
 39071 | Shoals:4 | Found a glowing golden altar of the Shining One.
 39189 | Shoals:4 | Got a barnacled rune of Zot
 39427 | Vaults:1 | Entered Level 1 of the Vaults
 39445 | Vaults:1 | Reached ****** piety under Vehumet
 39469 | Vaults:1 | Reached XP level 19. HP: 46/186 MP: 35/35
 40163 | Vaults:1 | Paralysed by a formless jellyfish for 1 turns
 40176 | Vaults:1 | HP: 8/186 [fire giant/fireball (65)]
 40177 | Vaults:1 | Killed from afar by a fire giant

Illustrated notes

Levels and vault maps discovered:
D:1:      spicycebolla_arrival_clurvy, layout_basic, minmay_misc_feat_enclosed,
          minmay_cut_off
D:2:      layout_basic, mrwooster_statue_mirror
D:3:      layout_loops_cross, nzn_wu_jian_council_hall, jmf_multi_god_temple,
          serial_shops, shop, chequers_ecumenical_altar_twisty,
          hangedman_abyss_or_decor_stabs, due_unseen_surprise
D:4:      layout_loops_cross
D:5:      minmay_recursive_quarters, layout_basic,
          nzn_overflow_gifts_of_might_and_magic, minmay_temple_entry_wispy,
          uniq_ijyb, uniq_sigmund, uniq_duvessa
D:6:      layout_loops_ring, mainiacjoe_overflow_chevrons, serial_shops,
          nicolae_shop_statue_plus, chequers_serial_rivers_micro_c,
          palyth_stone_intersect, nicolae_half_adder
D:7:      layout_cave_pools, fedhas_bush_and_centaur_altar,
          nicolae_gozag_seed_capital, overflow_temple_1_default, uniq_maggie
D:8:      layout_basic, nicolae_overflow_crystal_walls, lemuel_doored_altar,
          chequers_jeans
D:9:      layout_irregular_city, hiddenorc1_lemuel
D:10:     layout_small_grid, kennysheep_slug_shrine, dpeg_oklobed_lair
D:11:     layout_loops_corners, nicolae_shop_i_like_big_books
D:12:     layout_rooms, serial_glass, glass_columns_a, glass_columns_b,
          minmay_strange_pillars, due_unseen_surprise, minmay_strange_pillars,
          uniq_maurice
D:13:     layout_basic, nicolae_vehumet_altar_sigil
D:14:     layout_cave_pools, grunt_vaults_entry_tiered, grunt_decor_junction,
          gauntlet_entry_generic, hangedman_decor_slide_cut, due_unseen_surprise
D:15:     grunt_enter_depths_snipers, layout_long_grid, abandoned_shop,
          serial_shops, nicolae_shop_tiny_waterfront,
          nicolae_houndstooth_variations
Lair:1:   layout_chaotic_city, uniq_amaemon
Lair:2:   minmay_guarded_unrand_snakebite, layout_hall_layers,
          infiniplex_staircase_pool_2
Lair:3:   layout_chaotic_city, minmay_shoals_entry_hut, dummy_snake_entry,
          grunt_megastairs_2
Lair:4:   layout_roguey, dpeg_slime_entry_enclosed
Lair:5:   minmay_lair_end_frog_pond, layout_layer_cave, gammafunk_lair_bear_cave
Shoals:1: layout_shoals, nicolae_shoals_water_shrine
Shoals:2: layout_shoals, uniq_jorgrun, uniq_polyphemus
Shoals:3: layout_shoals
Shoals:4: shoals_end_hellmonk_holy_island
Snake:1:  layout_chambers, grunt_ministairs_14, statue_in_the_mist_lemuel,
          nicolae_custom_books, nicolae_integral_box
Snake:2:  layout_grid_maze, hellmonk_ghost_happy_afterlife, lemuel_fruit_tree,
          uniq_aizul
Snake:3:  layout_cave_shapes, serial_bayou_shore_b, grunt_megastairs_1
Snake:4:  grunt_snake_rune_pools, layout_gridlike, minmay_shop_grove
Orc:1:    layout_caves, serial_shops, nicolae_shop_gaudy_bauble,
          blackcustard_rock_pile
Orc:2:    st_orc_town, layout_caves, serial_shops, shop
Vaults:1: nicolae_vaults_border_crossing, nicolae_vaults_what_the_h,
          vaults_room_guarded_vault, v_misc_3,
          vaults_standard_mumra_enter_the_diamond,
          nicolae_vaults_storage_room_doors, ontoclasm_vaults_ring_square,
          ontoclasm_vaults_decontamination, v_misc_3,
          nicolae_vaults_sightless_eye, layout_vaults_omnigrid

Skill      XL: |  1  2  3  4  5  6  7  8  9 10 11 12 13 14 15 16 17 18 |
---------------+-------------------------------------------------------+-----
Alchemy        | 4 5 6 7 9 12 | 12.0
Spellcasting   | 3 4 6 7 8 10 11 12 | 12.0
Fire Magic     | 2 5 7 8 10 | 10.8
Fighting       | 4 6 7 8 10 11 13 14 15 | 15.1
Shields        | 3 5 6 8 10 11 13 14 15 | 15.0
Conjurations   | 2 5 7 8 10 | 10.9
Long Blades    | 3 4 7 9 11 13 14 | 14.0
Armour         | 3 6 |  6.2
Dodging        | |  1.5
Stealth        | |  3.0

Action                     |  1- 3 |  4- 6 |  7- 9 | 10-12 | 13-15 | 16-18 | 19-21 || total
---------------------------+-------+-------+-------+-------+-------+-------+-------++-------
  Melee: Short sword       |     2 |     4 |    54 |    46 |       |       |       ||   106
         Rapier            |       |       |    28 |       |       |       |       ||    28
         Punch             |       |       |     1 |       |       |       |       ||     1
         Long sword        |       |       |       |   125 |   433 |   521 |    20 ||  1099
         Constrict         |       |       |       |       |   136 |   162 |     2 ||   300
   Cast: Sting             |    32 |    63 |    88 |    37 |     4 |       |       ||   224
         Olgreb's Toxic Ra |       |     6 |    25 |    47 |    82 |    97 |     8 ||   265
         Sticky Flame      |       |       |    18 |    54 |    80 |    98 |       ||   250
         Mephitic Cloud    |       |       |     3 |    10 |    18 |     1 |     1 ||    33
         Irradiate         |       |       |       |     4 |    12 |    27 |       ||    43
         Eringya's Noxious |       |       |       |     2 |    40 |    62 |     2 ||   106
         Fireball          |       |       |       |       |     4 |    16 |       ||    20
         Ignite Poison     |       |       |       |       |       |    79 |    11 ||    90
Ability: Spit Poison       |    26 |    39 |    44 |    24 |    24 |    16 |     5 ||   178
  Evoke: Wand              |       |       |     2 |     2 |     2 |       |       ||     6
         Condenser vane    |       |       |       |       |       |     1 |       ||     1
    Use: Scroll            |       |       |    15 |     5 |     9 |     3 |       ||    32
         Potion            |       |       |       |       |     2 |     2 |     1 ||     5
   Stab: Sleeping          |       |       |     3 |     3 |     3 |       |       ||     9
         Confused          |       |       |       |     5 |    13 |       |       ||    18
 Armour: Robe              |     9 |    18 |    35 |       |       |       |       ||    62
         Leather armour    |       |       |    43 |   135 |   295 |   741 |    23 ||  1237
  Dodge: Dodged            |     9 |    22 |   108 |   148 |   270 |   213 |     6 ||   776
  Block: Buckler           |       |       |    14 |    16 |       |       |       ||    30
         Kite shield       |       |       |       |    93 |   322 |   484 |    14 ||   913
